Get step-by-step instructions on how to execute this build order below. Start the game timer, and the build order will tick by so you can play in parallel with StarCraft on a second screen or mobile device.

Game Time

  0:00

Last Step

  N/A

Next Step

  12  0:05  Drone  

Upcoming Step

  13  0:13  Overlord  

Don't want to look back and forth between 2 screens? Try out our Overwolf App, the Spawning Tool Build Advisor to get an in-game overlay with this build!

Complete Build Order

  12  0:05  Drone  
  13  0:13  Overlord  
  13  0:18  Drone  
  14  0:44  Drone x3  
  17  1:05  Hatchery  
  17  1:06  Drone  
  17  1:07  Drone  
  18  1:31  Spawning Pool  
  17  1:34  Extractor  
  17  1:35  Drone x2  
  17  1:39  Overlord  
  18  2:03  Drone  
  18  2:04  Drone  
  20  2:18  Zergling x2  
  20  2:21  Queen  
  23  2:23  Drone  
  23  2:24  Drone  
  27  2:45  Zergling x4  
  29  2:58  Zergling x6  
  29  3:06  Queen  
  25  3:53  Spawning Pool  
  24  4:04  Hatchery